 Dungeon Crawl Stone Soup version 0.29-a0-234-g0dae59b3db (webtiles) character file.

Game seed: 18210084974904490020

103 dracfodder the Cudgeller (level 4, 0/43 HPs)
             Began as a Gargoyle Berserker on Mar 2, 2022.
             Was a Believer of Trog.
             Frozen to death by an endoplasm (2 damage)
             ... on level 3 of the Dungeon.
             The game lasted 00:07:39 (2714 turns).

dracfodder the Cudgeller (Gargoyle Berserker)       Turns: 2714, Time: 00:07:39

Health: 0/43       AC: 10    Str: 22    XL:     4   Next: 79%
Magic:  4/4        EV: 12    Int:  8    God:    Trog [**....]
Gold:   196        SH:  0    Dex:  9    Spells: 3/3 levels left

rFire   . . .      SeeInvis .   a - +3 whip (venom)
rCold   . . .      Faith    .   (no shield)
rNeg    + . .      Spirit   .   b - +0 animal skin
rPois   ∞          Reflect  .   (no helmet)
rElec   +          Harm     .   k - +0 cloak {Stlth+}
rCorr   .          Rampage  .   (no gloves)
Will    .....                   (no boots)
Stlth   ..........              (no amulet)
HPRegen 0.14/turn               h - +4 ring of protection
MPRegen 0.09/turn               (no ring)

@: berserking, very quick
A: sickness immunity, AC +3, negative energy resistance 1, electricity
resistance, torment resistance 1, petrification resistance
a: Renounce Religion, Berserk, Trog's Hand


You were on level 3 of the Dungeon.
You worshipped Trog.
Trog was pleased with you.
You visited 1 branch of the dungeon, and saw 4 of its levels.

You collected 196 gold pieces.

Inventory:

Hand Weapons
 a - a +3 whip of venom (weapon)
Missiles
 c - 70 stones (quivered)
Armour
 b - a +0 animal skin (worn)
 k - a +0 cloak of stealth (worn)
Jewellery
 h - a +4 ring of protection (left hand)
Scrolls
 d - a scroll of teleportation
Potions
 e - a potion of invisibility
 f - a potion of berserk rage
 g - a potion of magic
 i - a potion of curing {unknown}
 j - a potion of attraction {unknown}


   Skills:
 + Level 4.0 Fighting
 + Level 4.1 Maces & Flails
 + Level 2.2 Armour
 + Level 2.5 Dodging
 + Level 0.3 Stealth


You had 3 spell levels left.
You didn't know any spells.
Your spell library was empty.

Dungeon Overview and Level Annotations

Branches:
Dungeon (4/15)
 Temple: D:4-7

Altars:
Makhleb

Shops:
D:1 [   D:2 *?*:

Annotations:
D:3 Grinder


Innate Abilities, Weirdness & Mutations

You are immune to sickness and miasma.
Your stone body is resilient. (AC +3)
You are immune to poison.
You resist negative energy. (rN+)
You are resistant to electric shocks. (rElec)
You are resistant to unholy torment.
You are immune to petrification.


Message History

Grinder is moderately wounded.
Grinder closely misses you.
You hit Grinder.
Grinder is heavily wounded.
Grinder hits you!
* * * LOW HITPOINT WARNING * * *
You writhe in agony.
* * * LOW HITPOINT WARNING * * *
You are too injured to fight recklessly!
You are too injured to fight recklessly!
You are too injured to fight recklessly!
You are too injured to fight recklessly!
You are too injured to fight recklessly!
A red film seems to cover your vision as you go berserk!
You feel yourself moving faster!
You feel mighty! Grinder closely misses you.
You barely miss Grinder.
Grinder is heavily wounded.
Grinder hits you but does no damage. The endoplasm barely misses you.
You closely miss Grinder.
Grinder is heavily wounded.
You hit Grinder.
Grinder is heavily wounded.
Grinder hits you!
* * * LOW HITPOINT WARNING * * *
You writhe in agony.
* * * LOW HITPOINT WARNING * * *
The endoplasm hits you but does no damage.
You barely miss the endoplasm. You closely miss Grinder.
Grinder is heavily wounded.
Grinder gestures at you. You resist with significant effort.
The endoplasm closely misses you.
You hit Grinder.
Grinder looks even sicker.
Grinder is severely wounded.
Grinder completely misses you.
You hit Grinder.
Grinder is almost dead.
The endoplasm freezes you.
You are frozen.
You die...

##.....)..##.....
##................
#........#........
###......#..#...##
##.........#.#..#
####..##..#...#.##.#
##..<.##.....#....
.#
#..).#........#..#
..
#..J@5....###.#..#
.. #.........##
....# ##
........###...# ...#
....##.... ##.. ....
####.# ## ..# .. ..
................
.......(.......
.[..........


You could see Grinder (very poisoned) and an endoplasm.

Vanquished Creatures
  An adder (D:2)
  3 gnolls (D:2)
  A worm (D:3)
  A dart slug (D:1)
  2 orcs (D:3)
  6 ball pythons
  5 bats
  4 endoplasms
  A giant cockroach (D:2)
  5 goblins
  6 hobgoblins
  4 jackals (D:2)
  4 quokkas
  5 frilled lizards
  3 kobolds
  3 rats
54 creatures vanquished.

Vanquished Creatures (others)
  7 plants (D:1)
  6 withered plants (D:1)
13 creatures vanquished.

Grand Total: 67 creatures vanquished

Notes
Turn   | Place    | Note
-------+----------+-------------------------------------------
     0 | D:1      | dracfodder the Gargoyle Berserker began the quest for the
                  | Orb.
     0 | D:1      | Reached XP level 1. HP: 14/14 MP: 1/1
   311 | D:1      | Found Bumuuxuq's Antique Armour Shoppe.
   355 | D:1      | Reached XP level 2. HP: 19/19 MP: 2/2
   530 | D:1      | Found a faded altar of an unknown god.
  1338 | D:2      | Reached XP level 3. HP: 23/23 MP: 3/3
  1480 | D:2      | Found Fimeck's General Store.
  1573 | D:2      | Reached ** piety under Trog
  1663 | D:2      | Found a burning altar of Makhleb.
  1686 | D:2      | Found Woirour's Book Shoppe.
  1828 | D:2      | Found Beng's Magic Scroll Boutique.
  1990 | D:2      | Reached XP level 4. HP: 29/29 MP: 4/4
  2027 | D:2      | Found Nodghodic's Assorted Antiques.
  2685 | D:3      | Noticed Grinder
  2710 | D:3      | HP: 2/43 [Grinder (1)]
  2714 | D:3      | Frozen to death by an endoplasm

Illustrated notes

Levels and vault maps discovered:
D:1:      lemuel_arrival_river_ford, layout_loops_ring, serial_shops,
          shop_statue, shapermc_ecumenical_altar_flowoftime, grunt_decor_cap,
          hangedman_decor_points, kennysheep_another_room,
          chequers_serial_rivers_small_b, minmay_misc_feat_doors,
          minmay_misc_feat_five
D:2:      layout_rooms, serial_shops, shop, shop_fountains, shop_statue,
          nicolae_shop_competitors_out_of_business, basic_altar,
          minmay_split_cup_large
D:3:      layout_rooms, uniq_grinder
D:4:      layout_basic, serial_shops, nicolae_shop_bloodbath_and_beyond,
          serial_bayou_pond_a

Skill      XL: |  1  2  3  4 |
---------------+-------------+-----
Dodging        | 2 |  2.5
Fighting       | 4 |  4.0
Maces & Flails | 4 |  4.1
Armour         | |  2.2
Stealth        | |  0.3

Action                   |  1- 3 |  4- 6 || total
-------------------------+-------+-------++-------
Melee: Mace              |   151 |     5 ||   156
       Punch             |     3 |     2 ||     5
       Whip              |       |    57 ||    57
Throw: Stone             |     4 |       ||     4
Invok: Berserk           |     3 |     1 ||     4
  Use: Scroll            |     7 |     1 ||     8
 Stab: Sleeping          |     1 |       ||     1
Armor: Animal skin       |    79 |    15 ||    94
Dodge: Dodged            |   112 |    35 ||   147

Table legend: (Time is in decaauts)
 A = Elapsed time spent in this place.
 B = Non-inter-level travel time spent in this place.
 C = Inter-level travel time spent in this place.
 D = Time resting spent in this place.
 E = Time spent auto-exploring this place.
 F = Levels seen in this place.
 G = Mean time per level.
                   A        B        C        D        E       F      G
               +--------+--------+--------+--------+--------+-----+--------+
         Total |   2776 |   2649 |    127 |    499 |   1667 |   4 |  694.0 |
       Dungeon |   2776 |   2649 |    127 |    499 |   1667 |   4 |  694.0 |
               +--------+--------+--------+--------+--------+-----+--------+

Top non-repeatable levels by time:
     D:1: 1334 daAuts
     D:2: 1100 daAuts
     D:3: 338 daAuts
     D:4: 4 daAuts
